 Zot Defence DCSS version 0.15.2 (webtiles) character file.

1071 Kakkamies the Shield-Bearer (level 8, -9/49 (51) HPs)
             Began as a Gargoyle Fighter on June 22, 2017.
             Was a Priest of Jiyva.
             Mangled by a spiny frog (13 damage)
             ... in the Realm of Zot (Scenario III: Two or Three?).
             The game lasted 00:16:59 (1049 turns).

Kakkamies the Shield-Bearer (Gargoyle Fighter)      Turns: 1049, Time: 00:17:00

HP  -9/49 (51)   AC 12     Str 20      XL: 8   Next: 28%
MP   8/8         EV  7     Int  9      God: Jiyva [***...]
Gold 0           SH 10     Dex 11      Spells:  0 memorised,  7 levels left

rFire  . . .     SeeInvis .     a - +0 trident
rCold  . . .     Clarity  .     b - +0 scale mail
rNeg   + . .     rCorr    +     c - +0 shield
rPois  +         rRot     +     (no helmet)
rElec  +         Spirit   .     (no cloak)
SustAb .         Warding  .     (no gloves)
rMut   .         Stasis   .     (no boots)
Gourm  .                        (no amulet)
MR     .....                    (no ring)
                                (no ring)

@: very slightly contaminated, hasted, very quick, not resistant to hostile
enchantments, extremely unstealthy
A: deterioration 1, negative energy resistance 1, electricity resistance,
unbreathing, petrification resistance, rot immunity, AC +5
a: Make oklob sapling, Make arrow trap, Make plant, Remove Curse, Make burning
bush, Make altar, Make grenades, Make oklob plant, Make net trap, Request Jelly,
Jelly Paralyse, Renounce Religion


You were in the Realm of Zot.
You worshipped Jiyva.
Jiyva was most pleased with you.
You were not hungry.

You visited 1 branch

Inventory:

Hand weapons
 a - a +0 trident (weapon)
Armour
 b - a +0 scale mail (worn)
 c - a +0 shield (worn)
Comestibles
 f - a bread ration
Scrolls
 k - a scroll of blinking
Potions
 d - 3 potions of curing
 e - a potion of might
 i - 2 potions of magic
 j - a potion of berserk rage


   Skills:
 + Level 5.9 Fighting
 + Level 3.8 Polearms
 + Level 5.9 Armour
 + Level 2.3 Dodging
 + Level 6.3 Shields


You had 7 spell levels left.
You didn't know any spells.

Dungeon Overview and Level Annotations

Branches:
    Zot (1/1)

Altars:
Jiyva


Innate Abilities, Weirdness & Mutations

You are resistant to torment.
You are immune to poison.
Your stone body is very resilient (AC +5).
You resist negative energy.
You are resistant to electric shocks.
You can survive without breathing.
You are immune to petrification.
You are immune to rotting.
Your body is slowly deteriorating.


Message History

You barely miss the spiny frog.
The spiny frog is moderately wounded.
The blink frog hits your oklob plant!!
The blink frog blinks!
The spiny frog stings you but does no damage.
You block the spiny frog's attack.
The giant frog hits your oklob sapling but does no damage.
The blink frog hits you but does no damage.
A spiny frog comes into view.
Unknown command.
You hit the spiny frog.
The spiny frog is heavily wounded.
The blink frog hits your oklob plant.
The jelly hits the giant frog.
The giant frog is splashed with acid.
The giant frog writhes in agony as its flesh is eaten away!
Your oklob sapling spits acid at the blink frog.
The splash of acid hits the giant frog.
The giant frog writhes in agony as its flesh is eaten away!
The giant frog hits your oklob sapling but does no damage.
The jelly barely misses the spiny frog.
The spiny frog stings you!
You die...

▓▓▓▓▓ ▓...▓ ▓▓...▓▓ ▓▓..P..▓▓
▓▓▓.....P.▓▓▓
▓▓▓▓▓....F...F..▓▓▓▓▓
▓▓▓▓▓▓▓.......JF@FF(...(..▓▓▓▓▓▓▓
....▓▓...▓▓.....PFJ...▓▓F..▓▓....
.....▓..▓▓▓▓▓..J....▓▓▓▓▓..▓.....
.....▓..▓ ▓▓.....▓▓ ▓..▓.....
.....▓..▓ ▓▓...▓▓ ▓..▓.....
.....▓..▓ ▓...▓ ▓..▓.....
▓....▓..▓ ▓▓.▓▓ ▓..▓....▓
▓▓...▓..▓ ▓.▓ ▓..▓...▓▓
▓▓...▓..▓▓▓▓▓▓▓▓.▓▓▓▓▓▓▓▓..▓...▓▓


You could see 3 spiny frogs, 2 blink frogs, 2 giant frogs, 3 neutral jellies
(fellow slime), a friendly oklob plant, a friendly burning bush and a friendly
oklob sapling.

Vanquished Creatures
  A blink frog (Zot)
  A giant frog (Zot)
  A wight (Zot)
  An iguana (Zot)
  A gnoll shaman (Zot)
  A gnoll (Zot)
  A worm (Zot)
  2 oozes (Zot)
  2 orcs (Zot)
  3 bats (Zot)
  4 goblins (Zot)
  A hobgoblin (Zot)
  3 kobolds (Zot)
  2 ball pythons (Zot)
  A giant newt (Zot)
  A rat (Zot)
26 creatures vanquished.

Vanquished Creatures (collateral kills)
  Edmund (Zot)
  A giant frog (Zot)
  A sheep (Zot)
  An adder (Zot)
  2 worms (Zot)
  2 orcs (Zot)
  A giant cockroach (Zot)
  2 goblins (Zot)
  A hobgoblin (Zot)
  A quokka (Zot)
  A bat (Zot)
  11 kobolds (Zot)
  2 rats (Zot)
27 creatures vanquished.

Vanquished Creatures (others)
  Sigmund (Zot)
  A giant frog (Zot)
  2 oklob saplings (Zot)
  9 jellies (Zot)
  3 adders (Zot)
  4 oozes (Zot)
  An orc (Zot)
  3 goblins (Zot)
  2 hobgoblins (Zot)
  3 jackals (Zot)
  7 kobolds (Zot)
  6 bats (Zot)
  3 giant newts (Zot)
  2 rats (Zot)
47 creatures vanquished.

Grand Total: 100 creatures vanquished

Notes
Turn   | Place    | Note
--------------------------------------------------------------
     0 | Zot      | Kakkamies, the Gargoyle Fighter, began the quest for the Orb.
     0 | Zot      | Reached XP level 1. HP: 14/14 MP: 1/1
   239 | Zot      | Reached XP level 2. HP: 13/19 MP: 2/2
   359 | Zot      | Reached XP level 3. HP: 23/23 MP: 3/3
   372 | Zot      | Noticed Goarar
   386 | Zot      | Killed Goarar the wight
   386 | Zot      | Reached skill level 4 in Armour
   386 | Zot      | Reached XP level 4. HP: 20/29 MP: 4/4
   415 | Zot      | Reached XP level 5. HP: 26/31 MP: 5/5
   537 | Zot      | Reached XP level 6. HP: 24/37 MP: 6/6
   556 | Zot      | Became a worshipper of Jiyva JimaDiu the Shapeless
   563 | Zot      | Noticed Edmund
   578 | Zot      | Killed Edmund
   578 | Zot      | Reached skill level 1 in Dodging
   578 | Zot      | Reached skill level 5 in Shields
   588 | Zot      | Acquired Jiyva's first power
   638 | Zot      | Acquired Jiyva's second power
   682 | Zot      | Killed Sigmund
   682 | Zot      | Reached skill level 5 in Fighting
   682 | Zot      | Reached skill level 5 in Armour
   682 | Zot      | Reached XP level 7. HP: 42/42 MP: 7/7
  1032 | Zot      | Noticed a blink frog
  1034 | Zot      | Noticed a spiny frog
  1035 | Zot      | Noticed a spiny frog
  1035 | Zot      | Noticed a blink frog
  1036 | Zot      | Gained mutation: Your body is slowly deteriorating. [Jiyva's grace]
  1038 | Zot      | Noticed a blink frog
  1039 | Zot      | Killed a blink frog
  1039 | Zot      | Reached skill level 6 in Shields
  1039 | Zot      | Reached XP level 8. HP: 47/49 MP: 8/8
  1049 | Zot      | Noticed a spiny frog
  1049 | Zot      | Mangled by a spiny frog

Action                   |  1- 3 |  4- 6 |  7- 9 || total
-------------------------+-------+-------+-------++-------
Melee: Trident           |    37 |    53 |    28 ||   118
 Abil: Make oklob saplin |     1 |     2 |       ||     3
       Make altar        |       |     1 |       ||     1
       Make burning bush |       |       |     1 ||     1
       Make oklob plant  |       |       |     1 ||     1
  Use: Potion            |       |       |     2 ||     2
 Stab: Distracted        |       |     1 |     1 ||     2
